 Dungeon Crawl Stone Soup version 0.20.1-1-g8b1a95d (webtiles) character file.

137 digijack the Twirler (level 5, -5/38 HPs)
             Began as a Demonspawn Gladiator on Oct 8, 2017.
             Slain by a worm (8 damage)
             ... on level 3 of the Dungeon.
             The game lasted 00:26:40 (1975 turns).

digijack the Twirler (Demonspawn Gladiator)         Turns: 1975, Time: 00:26:41

Health: -5/38      AC:  8    Str: 20 (21) XL:     5   Next: 0%
Magic:  5/5        EV: 12    Int: 10      God:
Gold:   85         SH:  0    Dex: 14      Spells: 4/4 levels left

rFire    + + .     SeeInvis .   a - +1 quarterstaff
rCold    + . .     Gourm    .   (shield currently unavailable)
rNeg     . . .     Faith    .   j - +0 ring mail
rPois    .         Spirit   .   q - +0 helmet
rElec    .         Reflect  .   l - scarf {rC+ rF+}
rCorr    .         Harm     .   (no gloves)
MR       .....                  (no boots)
Stlth    +.........             (no amulet)
Regen    0.2/turn               n - +6 ring of strength
MPRegen  0.1/turn               (no ring)

@: no status effects
A: yellow scales 1, fire resistance 1, flame cloud immunity
a: no special abilities


You were on level 3 of the Dungeon.
You were hungry.

You visited 1 branch of the dungeon, and saw 3 of its levels.

You collected 85 gold pieces.

Inventory:

Hand Weapons
 a - a +1 quarterstaff (weapon)
 h - a +0 hunting sling
Missiles
 d - 3 throwing nets (quivered)
 e - 151 stones
 k - 50 bolts
Armour
 j - a +0 ring mail (worn)
 l - a scarf of resistance (worn)
 q - a +0 helmet (worn)
Jewellery
 n - a +6 ring of strength (left hand)
Potions
 i - 2 potions of brilliance
Comestibles
 b - 2 meat rations
 c - a royal jelly
 f - a bread ration
 g - a chunk of flesh


   Skills:
 + Level 2.2 Fighting
 + Level 4.2 Staves
 + Level 1.8 Throwing
 + Level 1.5 Armour
 + Level 3.3 Dodging


You had 4 spell levels left.
You didn't know any spells.

Dungeon Overview and Level Annotations

Branches:
Dungeon (3/15)

Altars:
Dithmenos
Sif Muna
Vehumet

Annotations:
D:3 Patate's ghost, amateur HOFi


Innate Abilities, Weirdness & Mutations

You are partially covered in yellow scales. (AC +2)
Your flesh is heat resistant. (rF+)
You are immune to clouds of flame.


Message History

The adder barely misses you.
You hit the adder.
The adder is heavily wounded.
The quokka misses you. The adder bites you but does no damage.
Patate's ghost misses you.
You miss the adder.
The adder is heavily wounded.
The quokka twitches its whiskers.
The quokka barely misses you. The adder misses you.
Patate's ghost hits you but does no damage.
The quokka misses you. The adder closely misses you. x2
You closely miss the adder.
The adder is heavily wounded.
The adder bites you.
* * * LOW HITPOINT WARNING * * *
You hit the adder.
The adder is almost dead.
The adder bites you but does no damage. The worm bites you!
You die...

######### ......S@#
#######w##
#####grW####
#.##.........(#
...........##.#
>##.##.#.###.######
.. #..$.##...<... #
#.......#..#
#....##...#


You could see a worm, Patate's ghost, an adder, a quokka and a hobgoblin.

Vanquished Creatures
  Robin (D:2)
  3 adders (D:2)
  3 gnolls (D:2)
  2 worms (D:2)
  2 dart slugs (D:1)
  3 leopard geckos
  7 bats
  2 giant cockroaches
  10 goblins
  6 hobgoblins
  A jackal (D:1)
  9 kobolds
  A quokka (D:2)
  4 frilled lizards
  6 rats
60 creatures vanquished.

Notes
Turn   | Place    | Note
-------+----------+-------------------------------------------
     0 | D:1      | digijack the Demonspawn Gladiator began the quest for the Orb.
     0 | D:1      | Reached XP level 1. HP: 16/16 MP: 1/1
    60 | D:1      | Gained mutation: You are partially covered in yellow scales. (AC +2) [demonic ancestry]
    60 | D:1      | Reached XP level 2. HP: 14/22 MP: 2/2
    61 | D:1      | Reached skill level 3 in Staves
   805 | D:2      | Reached XP level 3. HP: 27/27 MP: 3/3
   893 | D:2      | Reached skill level 1 in Armour
   976 | D:2      | Found a shadowy altar of Dithmenos.
   984 | D:2      | Gained mutation: Your flesh is heat resistant. (rF+) [demonic ancestry]
   984 | D:2      | Reached XP level 4. HP: 32/33 MP: 4/4
  1058 | D:2      | Found a radiant altar of Vehumet.
  1070 | D:2      | Noticed Robin
  1105 | D:2      | Killed Robin
  1286 | D:2      | Reached skill level 4 in Staves
  1807 | D:2      | Found a deep blue altar of Sif Muna.
  1869 | D:2      | Gained mutation: You are immune to clouds of flame. [demonic ancestry]
  1869 | D:2      | Reached XP level 5. HP: 38/38 MP: 5/5
  1932 | D:3      | Noticed Patate's ghost (amateur HOFi)
  1975 | D:3      | Slain by a worm

Skill      XL: |  1  2  3  4 |
---------------+-------------+-----
Dodging        | 3 |  3.3
Staves         | 3 4 |  4.2
Armour         | 1 |  1.5
Fighting       | |  2.2
Throwing       | |  1.8

Action                   |  1- 3 |  4- 6 || total
-------------------------+-------+-------++-------
Melee: Quarterstaff      |   108 |    91 ||   199
  Use: Scroll            |     5 |     1 ||     6
       Potion            |     5 |     1 ||     6
  Eat: Chunk             |       |     3 ||     3
Armor: Leather armour    |    21 |       ||    21
       Ring mail         |    30 |    33 ||    63
Dodge: Dodged            |   100 |    64 ||   164
